Map: Acropolis LE

Players

Michael

  • Race: Zerg Zerg
  • League: Diamond
  • Spawn Location: 11:00

Vex - Winner!

  • Race: Protoss Protoss
  • League: Diamond
  • Spawn Location: 5:00

VOD

Have the link to the VOD?

Description

Time

  • Played on: Nov. 18, 2019, 5:05 a.m.
  • Length: 12:55
Show
View Real Time Build Order
Export as new Build Order

Michael Zerg 

Build Orders: Hatch First 

Get SALT Encoding   

  12  0:01  Drone  
  13  0:13  Overlord  
  13  0:16  Drone  
  14  0:33  Drone x2  
  16  0:49  Hatchery  
  15  0:53  Drone  
  16  0:57  Drone  
  16  1:00  Drone  
  18  1:16  Extractor  
  18  1:18  Spawning Pool  
  16  1:20  Drone  
  16  1:24  Drone  
  18  1:30  Drone  
  19  1:53  Hatchery  
  18  1:57  Drone x2  
  20  2:06  Queen  
  22  2:10  Drone  
  22  2:15  Drone  
  24  2:16  Drone  
  24  2:21  Drone  
  26  2:26  Overlord  
  26  2:31  Metabolic Boost  
  26  2:34  Zergling x2  
  27  2:37  Zergling x2  
  28  2:44  Queen  
  28  2:46  Zergling x2  
  28  2:50  Drone  
  28  2:51  Drone  
  33  2:55  Drone  
  33  2:56  Drone  
  35  3:05  Overlord  
  35  3:07  Queen  
  35  3:09  Drone  
  35  3:11  Drone  
  39  3:16  Drone x2  
  39  3:17  Drone  
  42  3:21  Overlord  
  42  3:26  Overlord  
  42  3:31  Queen  
  42  3:34  Drone  
  45  3:37  Drone  
  45  3:38  Drone  
  47  3:43  Drone x3  
  50  3:48  Lair  
  50  3:56  Roach Warren  
  50  3:57  Extractor  
  50  3:59  Extractor  
  47  4:04  Spore Crawler  
  45  4:12  Drone x8  
  49  4:20  Drone x3  
  49  4:26  Drone x2  
  51  4:34  Overlord  
  51  4:37  Roach x2  
  55  4:43  Roach  
  57  4:51  Roach x3  
  57  4:52  Roach  
  65  4:54  Overseer  
  65  5:00  Glial Reconstitution  
  65  5:04  Roach x3  
  65  5:06  Drone x2  
  73  5:19  Drone  
  73  5:21  Overlord x4  
  74  5:23  Extractor  
  72  5:29  Extractor  
  71  5:35  Overlord  
  71  5:42  Roach x2  
  77  5:43  Roach  
  77  5:44  Drone  
  77  5:45  Drone x5  
  83  5:57  Drone x4  
  83  5:58  Drone x2  
  83  6:02  Spire  
  88  6:16  Roach x4  
  96  6:19  Overlord x3  
  96  6:23  Roach x2  
  100  6:30  Drone x4  
  100  6:48  Drone x6  
  100  6:49  Drone  
  95  7:03  Drone x4  
  99  7:27  Drone  
  99  7:28  Drone x6  
  106  7:42  Extractor  
  106  7:43  Mutalisk x3  
  109  7:48  Drone x2  
  109  7:50  Hatchery  
  112  7:52  Extractor  
  112  7:53  Extractor  
  108  8:11  Mutalisk x5  
  108  8:12  Mutalisk x3  
  124  8:25  Drone x6  
  130  8:27  Evolution Chamber  
  129  8:48  Queen  
  129  8:53  Queen  
  129  8:54  Zerg Missile Weapons Level 1  
  133  8:58  Roach x2  
  133  9:00  Overlord x6  
  133  9:01  Overlord  
  137  9:09  Overlord x5  
  137  9:19  Roach  
  137  9:20  Roach x5  
  137  9:22  Ravager  
  144  9:34  Roach  
  144  9:35  Roach x7  
  154  9:45  Ravager x11  
  165  9:49  Mutalisk  
  165  9:52  Overlord x2  
  167  9:53  Overlord x4  
  167  10:10  Roach x12  
  191  10:18  Overseer x2  
  191  10:19  Overseer  
  191  10:26  Roach x5  
  191  10:27  Roach x2  
  151  10:43  Ravager  
  151  10:44  Ravager x3  
  151  10:49  Roach x6  
  169  10:50  Roach  
  130  11:07  Roach x2  
  130  11:08  Roach x12  
  113  11:27  Roach  
  113  11:28  Roach x9  
  126  11:33  Roach x5  
  109  11:51  Roach x3  
  82  12:08  Hatchery  
  82  12:13  Ravager x7  
  82  12:15  Zergling x14  
Show
View Real Time Build Order
Export as new Build Order

Vex Protoss - Winner!

Build Orders: 1 Gate Expand, Archon Immortal 

Get SALT Encoding   

  12  0:01  Probe  
  13  0:13  Probe  
  14  0:20  Pylon  
  14  0:25  Probe  
  15  0:39  Gateway, Probe (Chrono Boost)  
  16  0:47  Probe (Chrono Boost)  
  17  0:53  Probe  
  18  1:17  Nexus  
  18  1:20  Assimilator  
  18  1:31  Cybernetics Core  
  18  1:33  Probe (Chrono Boost)  
  19  1:45  Probe (Chrono Boost)  
  19  1:46  Assimilator  
  20  1:52  Probe (Chrono Boost)  
  21  1:57  Pylon  
  21  1:59  Probe  
  22  2:11  Probe  
  23  2:15  Adept  
  23  2:19  Gateway  
  23  2:21  Warp Gate  
  25  2:28  Probe (Chrono Boost)  
  25  2:29  Probe (Chrono Boost)  
  28  2:38  Probe x2 (Chrono Boost)  
  28  2:42  Probe (Chrono Boost)  
  28  2:43  Probe (Chrono Boost)  
  29  2:47  Twilight Council  
  33  2:53  Probe  
  33  2:54  Adept (Chrono Boost)  
  33  2:55  Probe  
  35  2:58  Pylon  
  35  3:06  Adept (Chrono Boost)  
  35  3:07  Probe x2  
  39  3:19  Probe x2  
  41  3:23  Resonating Glaives  
  41  3:26  Robotics Facility  
  41  3:38  Probe x2  
  43  3:50  Probe x2  
  43  3:51  Gateway  
  43  3:52  Gateway  
  45  3:57  Gateway  
  45  3:58  Forge  
  45  4:21  Probe x2  
  45  4:23  Assimilator  
  43  4:24  Assimilator  
  43  4:25  Warp Prism (Chrono Boost)  
  45  4:33  Probe, Nexus  
  45  4:34  Probe  
  47  4:41  Protoss Ground Armor Level 1 (Chrono Boost)  
  47  4:50  Probe x2  
  49  4:54  Pylon x2  
  49  4:56  Pylon  
  49  5:02  Adept  
  49  5:03  Adept  
  53  5:15  Pylon x3  
  53  5:16  Pylon  
  53  5:19  Probe x2  
  55  5:21  Adept  
  55  5:22  Adept x2  
  61  5:31  Templar Archives  
  61  5:33  Pylon  
  61  5:40  Gateway  
  61  5:44  Gateway  
  61  5:46  Adept x3  
  61  5:47  Adept  
  69  5:54  Probe x3  
  69  5:56  Charge  
  72  6:07  Adept  
  72  6:08  Adept x3  
  66  6:52  Immortal  
  68  6:54  High Templar x4  
  68  6:55  Zealot  
  68  6:56  Probe x3  
  68  6:58  Assimilator  
  68  7:00  Assimilator  
  72  7:08  Probe x3  
  74  7:20  Protoss Ground Weapons Level 1 (Chrono Boost), Probe x2  
  74  7:21  Probe  
  74  7:22  Gateway x2  
  77  7:23  Gateway  
  77  7:25  Pylon  
  77  7:26  Archon  
  77  7:27  Archon  
  77  7:31  Immortal  
  77  7:34  Adept x4  
  77  7:36  High Templar  
  91  7:37  Zealot, High Templar  
  91  7:38  Probe  
  91  7:39  Probe x2  
  98  7:51  Probe x3  
  101  7:52  Nexus  
  95  8:08  Probe x2  
  95  8:09  Probe  
  95  8:11  Archon  
  95  8:12  Immortal  
  100  8:16  Robotics Facility  
  100  8:18  Pylon, Robotics Facility, High Templar x2  
  100  8:19  Zealot x4  
  112  8:20  Probe x2  
  112  8:21  Zealot, Probe  
  112  8:24  Archon  
  117  8:39  Forge  
  117  8:45  Pylon  
  117  8:48  Assimilator  
  117  8:51  Immortal, Assimilator  
  121  8:55  Probe  
  121  8:56  Probe x2  
  121  8:58  High Templar x3  
  121  8:59  Zealot x2, High Templar  
  121  9:00  Zealot  
  138  9:05  Archon  
  138  9:06  Archon  
  131  9:16  Blink  
  124  9:19  Protoss Ground Armor Level 2 (Chrono Boost)  
  124  9:27  Protoss Ground Weapons Level 2 (Chrono Boost)  
  124  9:35  Stalker  
  124  9:36  Stalker x5  
  124  9:37  Stalker  
  138  9:55  Templar Archives  
  138  9:56  Probe x3  
  141  10:00  Probe  
  142  10:08  Probe  
  142  10:12  Stalker x3  
  142  10:13  Stalker x4  
  157  10:20  Probe  
  136  10:36  Zealot x4  
  136  10:37  Zealot x3  
  112  11:06  Probe x3  
  112  11:07  Probe  
  112  11:09  Stalker x3  
  112  11:10  Stalker x4  
  123  11:18  Probe x2  
  120  11:33  Adept x3  
  120  11:34  Adept x4  
  120  12:00  Immortal  
  120  12:01  Immortal x2  
  128  12:03  Probe x4  
  130  12:11  Stalker  
  130  12:12  Stalker  
Tags
 
Add a new tag
Caveats
  • Supply blocks, unpowered buildings, or Contaminate may cause inaccurate times.
  • Supply counts are checked every 10 seconds.